 Dungeon Crawl Stone Soup version 0.29.1-15-g9cfb28693d (webtiles) character file.

Game seed: 6482410505498871428

217 croobank the Covered (level 5, -3/28 HPs)
             Began as a Vine Stalker Fighter on Feb 24, 2023.
             Slain by Duvessa
             ... wielding a +0 short sword
              (5 damage)
             ... on level 4 of the Dungeon.
             The game lasted 00:07:33 (2506 turns).

croobank the Covered (Vine Stalker Fighter)         Turns: 2506, Time: 00:07:34

Health: -3/28      AC: 14    Str: 19    XL:     5   Next: 94%
Magic:  0/6        EV:  5    Int:  8    God:
Gold:   79         SH:  5    Dex: 15    Spells: 3/4 levels left

rFire   . . .      SeeInvis .   s - +3 flail (vorpal)
rCold   . . .      Faith    .   c - +0 buckler
rNeg    . . .      Spirit   +   f - +1 plate armour
rPois   .          Reflect  .   g - +0 helmet
rElec   .          Harm     .   (no cloak)
rCorr   .          Rampage  .   (no gloves)
Will    .....                   (no boots)
Stlth   ..........              (no amulet)
HPRegen 0.89/turn               (no ring)
MPRegen 0.10/turn               (no ring)

@: brilliant
A: fangs 2, regeneration 1, magic shield, antimagic bite, no potion heal 2
a: no special abilities


You were on level 4 of the Dungeon.
You visited 1 branch of the dungeon, and saw 4 of its levels.

You collected 79 gold pieces.

Inventory:

Hand Weapons
 a - a +0 war axe
 b - a +4 dagger
 j - a +1 short sword of draining
 k - a +2 whip of draining
 s - a +3 vorpal flail (weapon)
Missiles
 l - 2 atropa-tipped darts (quivered)
 r - 3 boomerangs
Armour
 c - a +0 buckler (worn)
 f - a +1 plate armour (worn)
 g - a +0 helmet (worn)
 n - a +2 chain mail of positive energy
Magical Staves
 i - a staff of cold
Jewellery
 q - an amulet of the acrobat
Scrolls
 h - a scroll of teleportation {unknown}
 o - a scroll of fear
 p - a scroll of blinking {unknown}
Potions
 d - a potion of might
 e - a potion of flight


   Skills:
 + Level 2.8 Fighting
 - Level 1.7(1.9) Axes
 * Level 0.9(1.4) Maces & Flails
 + Level 5.0 Armour
 + Level 2.8 Shields


You had 3 spell levels left.
You knew the following spells:

 Your Spells              Type           Power      Damage    Failure   Level
a - Slow                  Hex            0%         N/A       100%        1

Your spell library contained the following spells:

 Spells                   Type           Power      Damage    Failure   Level
 Confusing Touch          Hex            0%         N/A       100%        3
 Vampiric Draining        Necr           0%         2d6       100%        3
 Yara's Violent Unravell  Hex/Tmut       0%         3d3       100%        5
 Enfeeble                 Hex            0%         N/A       100%        7


Dungeon Overview and Level Annotations

Branches:
Dungeon (4/15)
 Temple: D:4-7

Altars:
Okawaru

Annotations:
D:4 Duvessa


Innate Abilities, Weirdness & Mutations

You have extremely sharp teeth.
Your natural rate of healing is unusually fast.
When hurt, damage is shared between your health and your magic reserves.
Your bite disrupts and absorbs the magic of your enemies.
Potions cannot restore your health.


Message History

There is a stone staircase leading up here.
Dowan is nearby!
Dowan hits you but does no damage.
Things that are here:
a +0 club; an orc corpse You hit Dowan.
Your bite misses Dowan.
Dowan is moderately wounded.
Dowan hits you but does no damage. x2
You sock Dowan! Your bite misses Dowan.
Dowan is severely wounded.
Dowan hits you but does no damage.
You hit Dowan but do no damage. Your bite misses Dowan.
Dowan is heavily wounded.
Dowan hits you with a +0 dagger.
You hit Dowan. Your bite misses Dowan.
Dowan is severely wounded.
Dowan hits you but does no damage.
Duvessa, Sister of Dowan comes into view.
She is wielding a +0 short sword.
Dowan hits you with a +0 dagger.
You sock Dowan!
You kill Dowan!
Duvessa screams, "No!
How DARE you!"
Duvessa goes berserk!
Duvessa barely misses you.
You sock Duvessa!
Duvessa is lightly wounded.
Duvessa hits you with a +0 short sword. Duvessa hits you but does no damage.
You hit Duvessa but do no damage. You bite Duvessa, but do no damage.
Duvessa is lightly wounded.
Duvessa hits you with a +0 short sword. x2
You barely miss Duvessa. You bite Duvessa, but do no damage.
Duvessa is lightly wounded.
Duvessa hits you with a +0 short sword! x2
* * * LOW HITPOINT WARNING * * *
You are too injured to fight recklessly!
Okay, then.
It was a potion of brilliance.
You feel clever all of a sudden. Duvessa hits you with a +0 short sword.
You die...

#......#
.......###
+.........
#.........
#.........
#.........
#.e.......
#.@)......
#..)......
#.)....###
#.<....#
#......#
#......#
#......#
#......#
#......#


You could see Duvessa (berserk).

Vanquished Creatures
  Dowan (D:4)
  An orc priest (D:3)
  Terence (D:3)
  An orc wizard (D:3)
  An adder (D:3)
  2 worms (D:2)
  2 dart slugs
  10 orcs
  5 ball pythons
  7 bats
  2 endoplasms
  2 giant cockroaches (D:1)
  5 goblins
  3 hobgoblins
  A quokka (D:1)
  3 frilled lizards
  5 kobolds
  7 rats
59 creatures vanquished.

Notes
Turn   | Place    | Note
-------+----------+-------------------------------------------
     0 | D:1      | croobank the Vine Stalker Fighter began the quest for the
                  | Orb.
     0 | D:1      | Reached XP level 1. HP: 11/11 MP: 2/2
   350 | D:1      | Reached XP level 2. HP: 14/16 MP: 3/3
   399 | D:1      | Reached skill level 3 in Armour
   888 | D:2      | Reached XP level 3. HP: 19/19 MP: 4/4
  1503 | D:2      | Learned a level 1 spell: Slow
  1558 | D:3      | Gained mutation: Your natural rate of healing is unusually
                  | fast. [Vine Stalker growth]
  1558 | D:3      | Reached XP level 4. HP: 16/23 MP: 3/5
  1559 | D:3      | Reached skill level 4 in Armour
  1740 | D:3      | Noticed Terence
  1750 | D:3      | Killed Terence
  1751 | D:3      | Reached XP level 5. HP: 26/27 MP: 6/6
  1918 | D:3      | Found an iron altar of Okawaru.
  2416 | D:4      | Noticed Dowan
  2446 | D:3      | Reached skill level 5 in Armour
  2499 | D:4      | Noticed Duvessa
  2500 | D:4      | Killed Dowan
  2505 | D:4      | HP: 1/28 [Duvessa/+0 short sword (12)]
  2506 | D:4      | Slain by Duvessa

Illustrated notes

Levels and vault maps discovered:
D:1:      lightli_arrival_chessboard, layout_rooms, minmay_tromino_v7
D:2:      layout_basic
D:3:      layout_basic, okawaru_ov_weapons_minmay, uniq_terence
D:4:      layout_gridville, mainiacjoe_overflow_boulevard, grunt_tough_drop,
          uniq_duvessa

Skill      XL: |  1  2  3  4  5 |
---------------+----------------+-----
Armour         | 3 4 5 |  5.0
Fighting       | |  2.8
Axes           | |  1.7
Maces & Flails | |  0.9
Shields        | |  2.8

Action                   |  1- 3 |  4- 6 || total
-------------------------+-------+-------++-------
Melee: War axe           |    95 |    45 ||   140
       Bite              |    13 |    16 ||    29
       Flail             |       |     8 ||     8
  Use: Scroll            |     6 |       ||     6
       Potion            |       |     1 ||     1
Armor: Plate armour      |    78 |    43 ||   121
Dodge: Dodged            |    28 |    13 ||    41
Block: Buckler           |    23 |    11 ||    34
